 Dungeon Crawl Stone Soup version 0.30.1-4-g462c640d31 (webtiles) character file.

Game seed: 17917482123966171421

1934 Wiggles the Cleaver (level 8, -3/65 HPs)
             Began as a Minotaur Berserker on Aug 30, 2023.
             Was an Elder of Trog.
             Slain by a gnoll
             ... wielding a +3 spear
             ... led by a gnoll bouda
              (5 damage)
             ... on level 6 of the Dungeon.
             The game lasted 00:09:18 (4344 turns).

Wiggles the Cleaver (Minotaur Berserker)            Turns: 4344, Time: 00:09:19

Health: -3/65      AC: 18    Str: 23    XL:     8   Next: 97%
Magic:  7/7        EV:  8    Int:  4    God:    Trog [****..]
Gold:   97         SH:  0    Dex: 11    Spells: 7/7 levels left

rFire   + . .        a - +0 hand axe
rCold   + . .        (no shield)
rNeg    + . .        l - +3 plate armour {rC+}
rPois   +            (helmet restricted)
rElec   .            u - +0 cloak of Biplax {rF+}
rCorr   .            m - +0 pair of gloves
SInv    .            (no boots)
Will    .....        (no amulet) Stlth
                     o - ring of positive energy
HPRegen 0.30/turn    y - ring of poison resistance
MPRegen 0.10/turn

%: random rage (3%)
@: mighty, on berserk cooldown, slowed, very slow
A: horns 2, retaliatory headbutt, berserk 1, frail 1
a: Renounce Religion, Berserk, Trog's Hand, Brothers in Arms


You were on level 6 of the Dungeon.
You worshipped Trog.
Trog was greatly pleased with you.
You visited 1 branch of the dungeon, and saw 6 of its levels.

You collected 372 gold pieces.
You spent 275 gold pieces at shops.

Inventory:

Hand Weapons
 a - a +0 hand axe (weapon)
Armour
 l - a +3 plate armour of cold resistance (worn)
 m - a +0 pair of gloves (worn)
 u - the +0 cloak of Biplax (worn) {rF+}
   (You bought it in a shop on level 4 of the Dungeon)

   rF:        It protects you from fire.
Jewellery
 o - a ring of positive energy (left hand)
 y - a ring of poison resistance (right hand)
Wands
 h - a wand of light (14)
 q - a wand of mindburst (6)
 x - a wand of flame (3)
Scrolls
 c - a scroll of immolation {unknown}
 d - 2 scrolls of magic mapping {unknown}
 f - 2 scrolls of fear {unknown}
 i - 2 scrolls of torment {unknown}
 k - 4 scrolls of identify {unknown}
 s - a scroll of poison
 v - a scroll of silence {unknown}
 A - a scroll of teleportation
Potions
 b - a potion of flight {unknown}
 e - 3 potions of ambrosia {unknown}
 g - 2 potions of might
 j - 2 potions of heal wounds {unknown}
 n - a potion of haste {unknown}
 p - a potion of mutation {unknown}
 r - a potion of magic {unknown}
 t - 3 potions of curing {unknown}
 z - a potion of degeneration {unknown}
Miscellaneous
 w - a piece from Xom's chessboard (15/15)


   Skills:
 + Level 7.4 Fighting
 + Level 10.5 Axes
 + Level 7.0 Armour
 + Level 3.7 Dodging
 + Level 0.4 Stealth


You had 7 spell levels left.
You didn't know any spells.
Your spell library was empty.

Dungeon Overview and Level Annotations

Branches:
Dungeon (6/15)
 Temple: D:4-7

Altars:
Trog
Vehumet
The Shining One

Shops:
D:3 [=[   D:4 *


Innate Abilities, Weirdness & Mutations

You have a pair of horns on your head.
You reflexively headbutt those who attack you in melee.
You sometimes lose your temper in combat.
You are frail. (-10% HP)


Message History

You kill the orc priest!
Trog accepts your kill.
You hit the fungus. You closely miss something.
A nearby fungus withers and dies.
The gnoll is no longer moving quickly.
You hear some strange, mumbled words.
A magic dart appears from out of thin air!
The magic dart hits you.
* * * LOW HITPOINT WARNING * * *
The gnoll barely misses you.
The gnoll hits you from afar with a +3 spear.
* * * LOW HITPOINT WARNING * * *
You hear some strange, mumbled words.
Something tries to affect you, but you resist.
The orc barely misses you.
Your Armour skill increases to level 7!
The orc attacks as you move away! The orc hits you with a +0 flail.
* * * LOW HITPOINT WARNING * * *
The gnoll hits you but does no damage. x2
Something hits you but does no damage. The gnoll barely misses you.
The gnoll hits you from afar with a +3 spear.
* * * LOW HITPOINT WARNING * * *
Things that are here:
a +0 whip; a +0 ring mail; an orc corpse You barely miss the orc.
You closely miss something.
A nearby fungus withers and dies.
The orc hits you with a +0 flail.
* * * LOW HITPOINT WARNING * * *
Something hits you but does no damage. The gnoll barely misses you.
The gnoll hits you but does no damage.
The air fills with toxic fumes!
As you read the scroll labelled NOBINK NO NUM, it crumbles to dust.
It was a scroll of poison.
The orc hits you but does no damage. Something hits you but does no damage.
The gnoll closely misses you. x2
Something hits you.
* * * LOW HITPOINT WARNING * * *
The orc hits you but does no damage.
It was a potion of might.
You feel very mighty all of a sudden. The gnoll hits you but does no damage.
The gnoll hits you from afar with a +3 spear.
You die...

#..#...PPPPPPP.
.....#.§§§§§§§§§.
####..#.#§§§PPP§P.
#....#§§§§§§§P.
#....#§§§§§§§P.
#...##§§§§§§§P.
#....g§g§PPP§P.
....###§§§§§§§§.
###. #@o§§PPPP.
§§§§§§§§{§§§§§§.
§##§§§§§§§§§§§#.
#######§§§§§§.
§§§§§§. §§§§§§.
.#§##§# .#§# .#


You could see 2 gnolls and an orc.

Vanquished Creatures
  A kobold demonologist (D:5)
  Sigmund (D:3)
  A yak (D:5)
  An acid dragon (D:5)
  A sky beast (D:5)
  2 ogres
  2 phantoms (D:4)
  A bullfrog (D:4)
  A scorpion (D:4)
  2 howler monkeys (D:5)
  2 hounds (D:5)
  A gnoll bouda (D:6)
  An orc priest (D:6)
  3 jellies (D:5)
  An iguana (D:4)
  2 sleepcaps (D:5)
  Natasha (D:3)
  2 orc wizards (D:5)
  8 adders
  9 gnolls
  2 white imps
  An ufetubus (D:5)
  3 worms
  2 dart slugs
  16 orcs
  8 bats
  6 endoplasms
  5 giant cockroaches
  12 goblins
  7 hobgoblins
  4 jackals (D:3)
  9 kobolds
  3 quokkas
  9 ball pythons
  2 frilled lizards
  2 rats
134 creatures vanquished.

Notes
Turn   | Place    | Note
-------+----------+-------------------------------------------
     0 | D:1      | Wiggles the Minotaur Berserker began the quest for the Orb.
     0 | D:1      | Reached XP level 1. HP: 19/19 MP: 0/0
   175 | D:1      | Reached XP level 2. HP: 27/27 MP: 1/1
   237 | D:1      | Found a faded altar of an unknown god.
   253 | D:1      | Reached skill level 4 in Axes
   350 | D:1      | Reached XP level 3. HP: 34/34 MP: 2/2
   899 | D:2      | Reached ** piety under Trog
  1471 | D:2      | Reached XP level 4. HP: 41/41 MP: 3/3
  1695 | D:3      | Found Plog's Armour Emporium.
  1695 | D:3      | Noticed Sigmund
  1705 | D:3      | Killed Sigmund
  1706 | D:3      | Reached skill level 5 in Fighting
  1706 | D:3      | Reached skill level 5 in Axes
  1706 | D:3      | Reached XP level 5. HP: 48/48 MP: 4/4
  1747 | D:3      | Found Zoluul's Jewellery Shop.
  1839 | D:3      | Found Ytryjen's Antique Armour Shop.
  1852 | D:3      | Noticed Natasha
  1861 | D:3      | Killed Natasha
  1862 | D:3      | Reached XP level 6. HP: 24/56 MP: 5/5
  2340 | D:3      | Found a bloodstained altar of Trog.
  2474 | D:4      | Reached *** piety under Trog
  2526 | D:4      | Reached skill level 6 in Axes
  2912 | D:4      | Found Jaaxar's Assorted Antiques.
  2928 | D:4      | Bought a transparent cloak for 275 gold pieces
  2928 | D:4      | Identified the +0 cloak of Biplax {rF+} (You bought it in a
                  | shop on level 4 of the Dungeon)
  3093 | D:4      | Reached XP level 7. HP: 53/62 MP: 6/6
  3209 | D:4      | Reached skill level 7 in Axes
  3478 | D:5      | Entered Level 5 of the Dungeon
  3506 | D:5      | Reached skill level 5 in Armour
  3521 | D:5      | Noticed a kobold demonologist
  3530 | D:5      | Reached skill level 8 in Axes
  3534 | D:5      | Reached XP level 8. HP: 47/71 MP: 7/7
  3535 | D:5      | Noticed an orange demon
  3539 | D:5      | Noticed an ice devil
  3568 | D:5      | Gained mutation: You sometimes lose your temper in combat.
                  | [a neqoxec]
  3571 | D:5      | Noticed a red devil
  3571 | D:5      | Gained mutation: You are frail. (-10% HP) [a neqoxec]
  3573 | D:5      | Killed a kobold demonologist
  3574 | D:5      | Reached skill level 9 in Axes
  3651 | D:5      | Reached skill level 10 in Axes
  3660 | D:5      | Reached **** piety under Trog
  3953 | D:5      | Found a radiant altar of Vehumet.
  4315 | D:6      | Found a glowing golden altar of the Shining One.
  4342 | D:6      | HP: 3/65 [orc/+0 flail (5)]
  4343 | D:6      | HP: 1/65 [something (2)]
  4344 | D:6      | Slain by a gnoll

Illustrated notes

Levels and vault maps discovered:
D:1:      lemuel_arrival_rhombus, layout_basic,
          shapermc_ecumenical_altar_acropolis, chequers_serial_rivers_large_a
D:2:      layout_loops_ring, kennysheep_cross_room
D:3:      layout_loops_ring, trog_hazing_becter, serial_shops, shop,
          nicolae_shop_peninsula, nicolae_square_shop, uniq_sigmund,
          uniq_natasha
D:4:      layout_loops_corners, serial_shops, nicolae_shop_window_shopping,
          kennysheep_generic_room_3
D:5:      cheibrodos_fzero, layout_basic, fiery_altar_vehumet,
          minmay_misc_feat_tiny
D:6:      layout_loops_ring, mainiacjoe_overflow_cross_hatched,
          amcnicky_altar_gilded, serial_shops, nicolae_shop_real_fake_doors,
          shop, kennysheep_mini_moat, kennysheep_little_box, minmay_holes,
          minmay_fractal_squares_5

Skill      XL: |  1  2  3  4  5  6  7  8 |
---------------+-------------------------+-----
Fighting       | 4 5 6 7 |  7.4
Axes           | 4 5 6 8 10 | 10.5
Armour         | 3 4 5 7 |  7.0
Dodging        | 3 |  3.7
Stealth        | |  0.4

Action                     |  1- 3 |  4- 6 |  7- 9 || total
---------------------------+-------+-------+-------++-------
  Melee: Hand axe          |    81 |   129 |   134 ||   344
         Headbutt          |    12 |    14 |    26 ||    52
         Punch             |     2 |     2 |     1 ||     5
 Invoke: Berserk           |     1 |     1 |     4 ||     6
         Trog's Hand       |       |       |     1 ||     1
    Use: Scroll            |       |       |     3 ||     3
         Potion            |       |       |     1 ||     1
 Armour: Leather armour    |    18 |       |       ||    18
         Chain mail        |     4 |     3 |       ||     7
         Plate armour      |       |    96 |   145 ||   241
  Dodge: Dodged            |    49 |    35 |    76 ||   160
